ORI
UNIVERSITY OF CONNETICUT HUSKIES @ UNIVERSITY OF ALABAMA CRIMSON TIDE
12/14/2049
 
TOP OF THE 1ST
University of Conneticut Huskies batting - Pitching for University of Alabama Crimson Tide : RHP Kirk James
Pitching: RHP Kirk James
Batting: RHB Jordan Nicholas 0-0: Called Strike
0-1: SINGLE (Line Drive, 3D, EV 95.6 MPH)
Batting: LHB Matt Reed 0-0: Ball
Jordan Nicholas is caught stealing 2nd base 2-6
1-0: Called Strike
1-1: SINGLE (Line Drive, 8LS, EV 108.8 MPH)
Batting: RHB Jai De san miguel 0-0: Ball
1-0: Ball
2-0: SINGLE (Groundball, 4MD, EV 94.4 MPH)
Matt Reed to second
Batting: LHB Greg James 0-0: Ball
1-0: Ball
2-0: Called Strike
2-1: Called Strike
2-2: Foul Ball, location: 2F
2-2: Fielders Choice at 2nd, 1-6 (Groundball, 34S, EV 70.0 MPH)
Matt Reed to third
Batting: RHB Roku Kawano 0-0: Foul Ball, location: 2F
0-1: Ball
1-1: Ball
2-1: Foul Ball, location: 7LDF
2-2: Ball
3-2: Ground out 4-3 (Groundball, 4, EV 103.8 MPH)
Top of the 1st over - 0 runs, 3 hits, 0 errors, 2 left on base; University of Conneticut 0 - University of Alabama 0
BOTTOM OF THE 1ST
University of Alabama Crimson Tide batting - Pitching for University of Conneticut Huskies : RHP Dave Cobos
Pitching: RHP Dave Cobos
Batting: RHB Danny Rosario 0-0: Called Strike
0-1: Called Strike
0-2: Ball
1-2: Ball
2-2: Strikes out swinging
Batting: LHB Platon Protopsaltis 0-0: Called Strike
0-1: Called Strike
0-2: Fly out, F8 (Flyball, 8LXD, EV 103.1 MPH)
Batting: RHB Al Lara 0-0: Fly out, F8 (Flyball, 8LD, EV 91.3 MPH)
Bottom of the 1st over - 0 runs, 0 hits, 0 errors, 0 left on base; University of Conneticut 0 - University of Alabama 0
TOP OF THE 2ND
University of Conneticut Huskies batting - Pitching for University of Alabama Crimson Tide : RHP Kirk James
Batting: LHB Jonathan Sica 0-0: Swinging Strike
0-1: Ball
1-1: Foul Ball, location: 2F
1-2: Foul Ball, location: 2F
1-2: Fly out, F7 (Flyball, 7LM, EV 95.6 MPH)
Batting: RHB Phil Hilton 0-0: Ball
1-0: Ground out 6-3 (Groundball, 56, EV 103.1 MPH)
Batting: LHB Omar Alba 0-0: Called Strike
0-1: Fly out, F8 (Flyball, 78M, EV 85.6 MPH)
Top of the 2nd over - 0 runs, 0 hits, 0 errors, 0 left on base; University of Conneticut 0 - University of Alabama 0
BOTTOM OF THE 2ND
University of Alabama Crimson Tide batting - Pitching for University of Conneticut Huskies : RHP Dave Cobos
Batting: RHB Hughie Withers 0-0: Called Strike
0-1: Ball
1-1: Ball
2-1: Foul Ball, location: 5DF
2-2: Strikes out swinging
Batting: RHB David Sanchez 0-0: Foul Ball, location: 3SF
0-1: Called Strike
0-2: Strikes out looking
Batting: RHB Jong-your Lee 0-0: Ball
1-0: Called Strike
1-1: Foul Ball, location: 2F
1-2: Ball
2-2: Strikes out looking
Bottom of the 2nd over - 0 runs, 0 hits, 0 errors, 0 left on base; University of Conneticut 0 - University of Alabama 0
TOP OF THE 3RD
University of Conneticut Huskies batting - Pitching for University of Alabama Crimson Tide : RHP Kirk James
Batting: RHB Charlie Slayback 0-0: Ball
1-0: Called Strike
1-1: Ball
2-1: Swinging Strike
2-2: Ball
3-2: SINGLE (Groundball, 3D, EV 99.4 MPH)
Batting: RHB Jordan Nicholas 0-0: Ball
1-0: Called Strike
1-1: 2-RUN HOME RUN (Flyball, 7LD, EV 90.6 MPH), Distance : 329 ft
Batting: LHB Matt Reed 0-0: Ball
1-0: Called Strike
1-1: Foul Ball, location: 5FF
1-2: Strikes out swinging
Batting: RHB Jai De san miguel 0-0: Ball
1-0: Called Strike
1-1: Called Strike
1-2: Ground out 6-3 (Groundball, 56, EV 68.1 MPH)
Batting: LHB Greg James 0-0: Called Strike
0-1: Ball
1-1: Ball
2-1: Foul Ball, location: 2F
2-2: Foul Ball, location: 9LSF
2-2: SINGLE (Line Drive, 78S, EV 103.1 MPH)
Batting: RHB Roku Kawano 0-0: Called Strike
0-1: SINGLE (Line Drive, 8LS, EV 106.3 MPH)
Greg James to second
Batting: LHB Jonathan Sica 0-0: Ball
1-0: Ball
2-0: Ball
3-0: Called Strike
3-1: Swinging Strike
3-2: Strikes out looking
Top of the 3rd over - 2 runs, 4 hits, 0 errors, 2 left on base; University of Conneticut 2 - University of Alabama 0
BOTTOM OF THE 3RD
University of Alabama Crimson Tide batting - Pitching for University of Conneticut Huskies : RHP Dave Cobos
Batting: RHB John Hicken 0-0: Ball
1-0: Fly out, F8 (Flyball, 8RD, EV 84.4 MPH)
Batting: RHB Eric Kilmer 0-0: Ball
1-0: Ball
2-0: Called Strike
2-1: Foul Ball, location: 2F
2-2: Foul Ball, location: 9LSF
2-2: Fly out, F7 (Flyball, 7LM, EV 96.3 MPH)
Batting: RHB Justin Gray 0-0: Called Strike
0-1: Foul Ball, location: 5F
0-2: Ball
1-2: Strikes out swinging
Bottom of the 3rd over - 0 runs, 0 hits, 0 errors, 0 left on base; University of Conneticut 2 - University of Alabama 0
TOP OF THE 4TH
University of Conneticut Huskies batting - Pitching for University of Alabama Crimson Tide : RHP Kirk James
Batting: RHB Phil Hilton 0-0: Ball
1-0: Ball
2-0: Ball
3-0: Base on Balls
Batting: LHB Omar Alba 0-0: Called Strike
Phil Hilton is caught stealing 2nd base 2-6
0-1: Swinging Strike
0-2: Foul Ball, location: 2F
0-2: Strikes out looking
Batting: RHB Charlie Slayback 0-0: Ball
1-0: Foul Ball, location: 2F
1-1: Ball
2-1: Called Strike
2-2: Ball
3-2: Base on Balls
Batting: RHB Jordan Nicholas 0-0: Ball
1-0: Foul Ball, location: 9LSFF
1-1: Fly out, F7 (Line Drive, 7S, EV 90.6 MPH)
Top of the 4th over - 0 runs, 0 hits, 0 errors, 1 left on base; University of Conneticut 2 - University of Alabama 0
BOTTOM OF THE 4TH
University of Alabama Crimson Tide batting - Pitching for University of Conneticut Huskies : RHP Dave Cobos
Batting: RHB Danny Rosario 0-0: Ball
1-0: Swinging Strike
1-1: Foul Ball, location: 3F
1-2: Foul Ball, location: 2F
1-2: Ball
2-2: Ground out 2-3 (Groundball, 2R, EV 70.6 MPH)
Batting: LHB Platon Protopsaltis 0-0: Foul Ball, location: 25F
0-1: Foul Ball, location: 2F
0-2: Ball
1-2: Ball
2-2: Ball
3-2: Strikes out looking
Batting: RHB Al Lara 0-0: Ball
1-0: Swinging Strike
1-1: Foul Ball, location: 9LSF
1-2: Strikes out looking
Bottom of the 4th over - 0 runs, 0 hits, 0 errors, 0 left on base; University of Conneticut 2 - University of Alabama 0
TOP OF THE 5TH
University of Conneticut Huskies batting - Pitching for University of Alabama Crimson Tide : RHP Kirk James
Batting: LHB Matt Reed 0-0: Ball
1-0: Ball
2-0: Called Strike
2-1: Foul Ball, location: 9LSF
2-2: Ball
3-2: Fly out, F5 (Line Drive, 5L, EV 75.6 MPH)
Batting: RHB Jai De san miguel 0-0: Called Strike
0-1: Swinging Strike
0-2: Foul Ball, location: 9LMF
0-2: Ball
1-2: SINGLE (Groundball, 13S, EV 71.3 MPH) (infield hit)
Batting: LHB Greg James 0-0: Ball
1-0: Ball
2-0: Swinging Strike
2-1: Foul Ball, location: 2F
2-2: Ball
3-2: SINGLE (Groundball, 34S, EV 82.5 MPH)
Jai De san miguel to second
Jai De san miguel to third
Batting: RHB Roku Kawano 0-0: Called Strike
0-1: Called Strike
0-2: Ball
1-2: Fly out, F4 (Line Drive, 4, EV 75.0 MPH)
Batting: LHB Jonathan Sica 0-0: Ground out 4-3 (Groundball, 4, EV 108.8 MPH)
Top of the 5th over - 0 runs, 2 hits, 0 errors, 2 left on base; University of Conneticut 2 - University of Alabama 0
BOTTOM OF THE 5TH
University of Alabama Crimson Tide batting - Pitching for University of Conneticut Huskies : RHP Dave Cobos
Batting: RHB Hughie Withers 0-0: Called Strike
0-1: Ball
1-1: Swinging Strike
1-2: Strikes out looking
Batting: RHB David Sanchez 0-0: Ball
1-0: Swinging Strike
1-1: Called Strike
1-2: Strikes out swinging
Batting: RHB Jong-your Lee 0-0: Ball
1-0: Ball
2-0: Called Strike
2-1: Foul Ball, location: 2F
2-2: Ball
3-2: Strikes out swinging
Bottom of the 5th over - 0 runs, 0 hits, 0 errors, 0 left on base; University of Conneticut 2 - University of Alabama 0
TOP OF THE 6TH
University of Conneticut Huskies batting - Pitching for University of Alabama Crimson Tide : RHP Kirk James
Batting: RHB Phil Hilton 0-0: Ball
1-0: Called Strike
1-1: Called Strike
1-2: Ball
2-2: Strikes out swinging
Pitching: RHP Ken McGee
Batting: LHB Omar Alba 0-0: Called Strike
0-1: Ball
1-1: Called Strike
1-2: Ball
2-2: Foul Ball, location: 2F
2-2: Strikes out swinging
Batting: RHB Charlie Slayback 0-0: Called Strike
0-1: Called Strike
0-2: Strikes out swinging
Top of the 6th over - 0 runs, 0 hits, 0 errors, 0 left on base; University of Conneticut 2 - University of Alabama 0
BOTTOM OF THE 6TH
University of Alabama Crimson Tide batting - Pitching for University of Conneticut Huskies : RHP Dave Cobos
Batting: RHB John Hicken 0-0: Fly out, F8 (Flyball, 8LS, EV 90.0 MPH)
Batting: RHB Eric Kilmer 0-0: Ball
1-0: Called Strike
1-1: Called Strike
1-2: Ball
2-2: Ball
3-2: Hit by Pitch
Batting: RHB Justin Gray 0-0: SINGLE (Line Drive, 4D, EV 98.1 MPH)
Eric Kilmer to second
Batting: RHB Danny Rosario 0-0: Fielders Choice at 2nd, 3-6 (Groundball, 3, EV 75.0 MPH)
Eric Kilmer to third
Pitching: RHP Andres Cruz
Batting: LHB Platon Protopsaltis 0-0: Swinging Strike
0-1: Foul Ball, location: 3FF
0-2: Strikes out looking
Bottom of the 6th over - 0 runs, 1 hit, 0 errors, 2 left on base; University of Conneticut 2 - University of Alabama 0
TOP OF THE 7TH
University of Conneticut Huskies batting - Pitching for University of Alabama Crimson Tide : RHP Ken McGee
Batting: RHB Jordan Nicholas 0-0: SINGLE (Groundball, 4MD, EV 110.0 MPH)
Batting: LHB Matt Reed 0-0: Called Strike
Jordan Nicholas steals 2nd base (no throw)
0-1: Ball
1-1: Ball
2-1: Called Strike
2-2: Strikes out swinging
Batting: RHB Jai De san miguel 0-0: Ball
Jordan Nicholas steals 3rd base (no throw)
1-0: Reached on error, E5 (Groundball, 5, EV 81.9 MPH)
Pitching: LHP Ralph Sandhoff
Batting: LHB Greg James 0-0: Foul Ball, location: 7LSF
0-1: Foul Ball, location: 2F
0-2: Strikes out swinging
Pitching: RHP Cameron Dickens
Batting: RHB Roku Kawano 0-0: Ball
1-0: Swinging Strike
1-1: Ball
2-1: Foul Ball, location: 7LMF
2-2: Ball
3-2: Ground out 5-3 (Groundball, 56, EV 89.4 MPH)
Top of the 7th over - 0 runs, 1 hit, 1 error, 2 left on base; University of Conneticut 2 - University of Alabama 0
BOTTOM OF THE 7TH
University of Alabama Crimson Tide batting - Pitching for University of Conneticut Huskies : RHP Andres Cruz
Batting: RHB Al Lara 0-0: Ball
1-0: Foul Ball, location: 2F
1-1: Ground out 5-3 (Groundball, 56, EV 108.1 MPH)
Batting: RHB Hughie Withers 0-0: Called Strike
0-1: Fly out, F9 (Flyball, 9, EV 95.0 MPH)
Batting: RHB David Sanchez 0-0: Ball
1-0: Called Strike
1-1: Called Strike
1-2: Ball
2-2: SINGLE (Groundball, 6MD, EV 95.0 MPH)
Batting: RHB Jong-your Lee 0-0: Fielders Choice at 2nd, 6-4 (Groundball, 6, EV 85.0 MPH)
Bottom of the 7th over - 0 runs, 1 hit, 0 errors, 1 left on base; University of Conneticut 2 - University of Alabama 0
TOP OF THE 8TH
University of Conneticut Huskies batting - Pitching for University of Alabama Crimson Tide : RHP Cameron Dickens
Batting: LHB Jonathan Sica 0-0: Called Strike
0-1: Called Strike
0-2: Ball
1-2: Ground out 2-3 (Groundball, 15S, EV 65.0 MPH)
Batting: RHB Phil Hilton 0-0: Ball
1-0: Ball
2-0: Called Strike
2-1: Ball
3-1: SINGLE (Groundball, 6MD, EV 108.1 MPH)
Batting: LHB Omar Alba 0-0: Called Strike
0-1: Ball
Phil Hilton steals 2nd base
1-1: Ball
2-1: Ball
3-1: Called Strike
3-2: Ground out U3 (Groundball, 3, EV 100.0 MPH)
Phil Hilton to third
Batting: RHB Charlie Slayback 0-0: Ball
1-0: Foul Ball, location: 2F
1-1: Foul Ball, location: 7LSF
1-2: Ball
2-2: Foul Ball, location: 3SF
2-2: Ground out 6-3 (Groundball, 56, EV 105.0 MPH)
Top of the 8th over - 0 runs, 1 hit, 0 errors, 1 left on base; University of Conneticut 2 - University of Alabama 0
BOTTOM OF THE 8TH
University of Alabama Crimson Tide batting - Pitching for University of Conneticut Huskies : RHP Andres Cruz
Batting: RHB John Hicken 0-0: Called Strike
0-1: Ball
1-1: Called Strike
1-2: Foul Ball, location: 2F
1-2: Strikes out swinging
Batting: RHB Eric Kilmer 0-0: Called Strike
0-1: Swinging Strike
0-2: Foul Ball, location: 9LSF
0-2: Ball
1-2: Foul Ball, location: 23F
1-2: Ground out U3 (Groundball, 34, EV 89.4 MPH)
Batting: RHB Justin Gray 0-0: Ground out U3 (Groundball, 34S, EV 81.3 MPH)
Bottom of the 8th over - 0 runs, 0 hits, 0 errors, 0 left on base; University of Conneticut 2 - University of Alabama 0
TOP OF THE 9TH
University of Conneticut Huskies batting - Pitching for University of Alabama Crimson Tide : RHP Cameron Dickens
Pitching: RHP Michael Outcalt
Batting: RHB Jordan Nicholas 0-0: Foul Ball, location: 5SF
0-1: SINGLE (Groundball, 56, EV 103.8 MPH)
Batting: RHB Matthew Lanford 0-0: Ball
Jordan Nicholas steals 2nd base (no throw)
1-0: Ball
Jordan Nicholas steals 3rd base
2-0: Foul Ball, location: 3FF
2-1: SINGLE (Line Drive, 4MD, EV 69.4 MPH)
Jordan Nicholas scores
Batting: RHB Jai De san miguel 0-0: Called Strike
0-1: Ball
1-1: Swinging Strike
1-2: Fielders Choice at 2nd, 6-4 (Groundball, 6M, EV 89.4 MPH)
Batting: LHB Greg James 0-0: Called Strike
0-1: Ball
1-1: Called Strike
Jai De san miguel steals 2nd base
1-2: Ground out 4-3 (Groundball, 4, EV 101.3 MPH)
Jai De san miguel to third
Batting: RHB Roku Kawano 0-0: Called Strike
0-1: Swinging Strike
0-2: Ball
1-2: Foul Ball, location: 2F
1-2: Ball
2-2: Ball
3-2: Reached on error, E6 (Groundball, 6, EV 78.8 MPH)
Jai De san miguel scores
Batting: LHB Jonathan Sica 0-0: Ball
1-0: Ball
2-0: Swinging Strike
2-1: Foul Ball, location: 2F
2-2: Ball
3-2: DOUBLE (Flyball, 8RD, EV 91.3 MPH)
Roku Kawano to third
Roku Kawano scores
Batting: RHB Phil Hilton 0-0: Called Strike
0-1: Foul Ball, location: 3F
0-2: Ball
1-2: Foul Ball, location: 3DF
1-2: Strikes out looking
Top of the 9th over - 3 runs, 3 hits, 1 error, 1 left on base; University of Conneticut 5 - University of Alabama 0
BOTTOM OF THE 9TH
University of Alabama Crimson Tide batting - Pitching for University of Conneticut Huskies : RHP Andres Cruz
Batting: RHB Danny Rosario 0-0: Ground out 5-3 (Groundball, 5, EV 85.6 MPH)
Batting: LHB Platon Protopsaltis 0-0: Swinging Strike
0-1: Foul Ball, location: 25F
0-2: Ball
1-2: Ball
2-2: Ball
3-2: Foul Ball, location: 2F
3-2: Base on Balls
Batting: RHB Al Lara 0-0: Fly out, F7 (Line Drive, 78D, EV 93.1 MPH)
Batting: RHB Hughie Withers 0-0: Ball
1-0: Called Strike
1-1: Swinging Strike
1-2: Strikes out looking
Bottom of the 9th over - 0 runs, 0 hits, 0 errors, 1 left on base; University of Conneticut 5 - University of Alabama 0
Sunday, July 16th , 2023 - OOTP Baseball 24.6 Build 69